 Dungeon Crawl Stone Soup version 0.27-a0-1416-g941b2bd30b (webtiles) character file.

Game seed: 16784255594411359066

25 Tocho the Ruffian (level 2, 0/23 HPs)
             Began as a Draconian Transmuter on July 1, 2021.
             Slain by a bat (1 damage)
             ... on level 2 of the Dungeon.
             The game lasted 00:01:11 (844 turns).

Tocho the Ruffian (Draconian Transmuter)             Turns: 844, Time: 00:01:12

Health: 0/23       AC:  4    Str: 12    XL:     2   Next: 86%
Magic:  4/5        EV: 12    Int: 13    God:
Gold:   19         SH:  0    Dex: 11    Spells: 2/5 levels left

rFire    . . .     SeeInvis .     - Unarmed
rCold    . . .     Faith    .   (no shield)
rNeg     . . .     Spirit   .   (armour unavailable)
rPois    .         Reflect  .   (helmet restricted)
rElec    .         Harm     .   (no cloak)
rCorr    .         Rampage  .   (no gloves)
Will     .....                  (no boots)
Stlth    +.........             (no amulet)
HPRegen  0.07/turn              (no ring)
MPRegen  0.09/turn              (no ring)

@: wereblooded (expiring)
A: AC +4, unfitting armour, cold-blooded
a: no special abilities


You were on level 2 of the Dungeon.
You visited 1 branch of the dungeon, and saw 2 of its levels.

You collected 19 gold pieces.

Inventory:

Jewellery
 e - a +6 ring of intelligence
Potions
 c - a potion of curing {unknown}
 d - 2 potions of lignification {unknown}
 f - a potion of might {unknown}


   Skills:
 * Level 1.3 Fighting
 * Level 2.0 Dodging
 * Level 3.5 Unarmed Combat
 + Level 2.2 Spellcasting
 + Level 2.1 Transmutations


You had 2 spell levels left.
You knew the following spells:

 Your Spells              Type           Power      Damage    Failure   Level
a - Beastly Appendage     Tmut           14%        N/A       11%         1
b - Wereblood             Tmut           7%         N/A       16%         2

Your spell library contained the following spells:

 Spells                   Type           Power      Damage    Failure   Level
 Spider Form              Tmut/Pois      2%         N/A       43%         3
 Ice Form                 Ice/Tmut       4%         N/A       85%         4
 Summon Lightning Spire   Summ/Air       1%         N/A       94%         4
 Storm Form               Tmut/Air       2%         N/A       100%        7
 Maxwell's Capacitive Co  Air            0%         ∞         100%        8


Dungeon Overview and Level Annotations

Branches:
Dungeon (2/15)

Altars:


Innate Abilities, Weirdness & Mutations

Your plain brown scales are hard. (AC +4)
You cannot fit into any form of body armour.
You are cold-blooded and may be slowed by cold attacks.


Message History

You are too injured to fight recklessly!
You are too injured to fight recklessly!
You are too injured to fight recklessly!
You are too injured to fight recklessly!
You are too injured to fight recklessly!
You are too injured to fight recklessly!
You are too injured to fight recklessly!
You are too injured to fight recklessly!
You are too injured to fight recklessly!
You are too injured to fight recklessly!
You are too injured to fight recklessly!
You are too injured to fight recklessly!
You are too injured to fight recklessly!
You hit the quokka but do no damage.
Your tail-slap misses the quokka.
The quokka is severely wounded.
The bat barely misses you. The quokka barely misses you.
The hobgoblin misses you. The frilled lizard barely misses you.
You hit the quokka.
You feel a bit better.
You kill the quokka!
The bat hits you but does no damage. The hobgoblin closely misses you.
The frilled lizard closely misses you.
You howl as the wereblood boils in your veins!
The bat hits you but does no damage. The frilled lizard misses you.
You closely miss the frilled lizard. The bat hits you but does no damage.
The hobgoblin hits you. The frilled lizard bites you.
You miss the frilled lizard. The bat hits you.
* * * LOW HITPOINT WARNING * * *
The bat closely misses you. The hobgoblin closely misses you.
The kobold hits you with a +0 dagger.
* * * LOW HITPOINT WARNING * * *
The frilled lizard bites you.
* * * LOW HITPOINT WARNING * * *
You howl as the wereblood boils in your veins!
The bat hits you but does no damage. The kobold barely misses you.
The frilled lizard closely misses you.
Your primal bloodlust is almost over.
The bat hits you but does no damage. The kobold hits you with a +0 dagger.
* * * LOW HITPOINT WARNING * * *
The bat misses you. The bat hits you.
You die...

#. #. . #### #.
.# ..... #.#.#
.#.#.####...##
.............
..........###
##..#@#... #
###...b.#.##.##
#.....Kg.......
###..>.l.....##
##..#<.......
#..#....###.
#......[.#
##..#.#..#
#.........


You could see a hobgoblin, a bat, a kobold and a frilled lizard.

Vanquished Creatures
  2 ball pythons (D:1)
  An endoplasm (D:1)
  2 giant cockroaches (D:1)
  A goblin (D:1)
  7 hobgoblins (D:1)
  A jackal (D:1)
  A quokka (D:2)
  2 bats (D:1)
  A frilled lizard (D:1)
  2 kobolds (D:1)
  A rat (D:1)
21 creatures vanquished.

Notes
Turn   | Place    | Note
-------+----------+-------------------------------------------
     0 | D:1      | Tocho the Draconian Transmuter began the quest for the Orb.
     0 | D:1      | Reached XP level 1. HP: 16/16 MP: 3/3
    56 | D:1      | Found a faded altar of an unknown god.
   407 | D:1      | Reached XP level 2. HP: 23/23 MP: 5/5
   410 | D:1      | Learned a level 2 spell: Wereblood
   843 | D:2      | HP: 1/23 [kobold (1)]
   844 | D:2      | Slain by a bat

Illustrated notes

Levels and vault maps discovered:
D:1:      scummos_arrival_gate, layout_rooms, basic_ecumenical_altar
D:2:      minmay_inner_zag, layout_basic, minmay_hedge_maze,
          hangedman_glass_teeth, uniq_jessica, uniq_robin

Skill      XL: |  1  2 |
---------------+-------+-----
Dodging        | 2 |  2.0
Fighting       | |  1.3
Unarmed Combat | |  3.5
Spellcasting   | |  2.2
Transmutations | |  2.1

Action                   || total
-------------------------++-------
Melee: Unarmed           ||    70
       Kick              ||     2
       Headbutt          ||     2
       Punch             ||     1
       Tailslap          ||     4
 Cast: Beastly Appendage ||     3
       Wereblood         ||     3
  Use: Scroll            ||     2
 Stab: Sleeping          ||     1
Armor: Skin              ||    32
Dodge: Dodged            ||    60

Table legend: (Time is in decaauts)
 A = Elapsed time spent in this place.
 B = Non-inter-level travel time spent in this place.
 C = Inter-level travel time spent in this place.
 D = Time resting spent in this place.
 E = Time spent auto-exploring this place.
 F = Levels seen in this place.
 G = Mean time per level.
                   A        B        C        D        E       F      G
               +--------+--------+--------+--------+--------+-----+--------+
         Total |    839 |    839 |      0 |      0 |    694 |   2 |  419.5 |
       Dungeon |    839 |    839 |      0 |      0 |    694 |   2 |  419.5 |
               +--------+--------+--------+--------+--------+-----+--------+

Top non-repeatable levels by time:
     D:1: 822 daAuts
     D:2: 17 daAuts
